2797 views
Uploaded 2020-01-21 21:53:52
Game version 1.32.0.6
29:26 long 4on4 ladder game on (8)NerubianPassage
Saved by BEARAND
2797 views
Uploaded 2020-01-21 21:53:52
Game version 1.32.0.6
29:26 long 4on4 ladder game on (8)NerubianPassage


211 units @ 29.5k
/ 3.9k
85 buildings @ 12.5k
/ 5.6k

| Healing Salve | 7 | 700 |
| Lesser Clarity Potion | 4 | 280 |
| Potion of Healing | 3 | 450 |
| Potion of Mana | 1 | 200 |
| Orb of Lightning | 1 | 375 |
| Scroll of Town Portal | 4 | 1400 |
| total: | 20 | 3405g |
| Peon | 19 | 1425 | / | 0 |
| Troll Headhunter | 8 | 1120 | / | 160 |
| Troll Witch Doctor | 10 | 1450 | / | 250 |
| Troll Berserker | 6 | 840 | / | 120 |
| Demolisher | 6 | 1320 | / | 300 |
| total: | 49 | 6155g | / | 830w |
| Watch Tower | 3 | 330 | / | 240 |
| Altar of Storms | 1 | 180 | / | 50 |
| Orc Burrow | 6 | 960 | / | 240 |
| War Mill | 1 | 205 | / | 0 |
| Barracks | 2 | 360 | / | 100 |
| Voodoo Lounge | 1 | 130 | / | 30 |
| Great Hall | 1 | 385 | / | 185 |
| Spirit Lodge | 1 | 150 | / | 150 |
| Stronghold | 1 | 315 | / | 190 |
| Fortress | 1 | 325 | / | 190 |
| total: | 16 | 2700g | / | 995w |
| 0:04 | Peon |
| 0:04 | Peon |
| 0:04 | Peon |
| 0:06 | Altar of Storms |
| 0:14 | Orc Burrow |
| 0:41 | War Mill |
| 0:49 | Peon |
| 1:08 | Barracks |
| 1:17 | Peon |
| 1:40 | Orc Burrow |
| 1:45 | Peon |
| 2:01 | Voodoo Lounge |
| 2:03 | Peon |
| 2:12 | Troll Headhunter |
| 2:21 | Peon |
| 2:34 | Troll Headhunter |
| 2:41 | War Stomp |
| 2:52 | Troll Headhunter |
| 3:06 | Orc Burrow |
| 3:28 | Troll Headhunter |
| 3:47 | Troll Headhunter |
| 3:55 | Healing Salve |
| 4:11 | Stronghold |
| 4:33 | Endurance Aura |
| 4:54 | Great Hall |
| 5:11 | Steel Ranged Weapons |
| 5:41 | Orc Burrow |
| 5:45 | War Stomp |
| 6:16 | Healing Salve |
| 6:24 | Healing Salve |
| 6:24 | Lesser Clarity Potion |
| 6:29 | Troll Headhunter |
| 6:39 | Troll Regeneration |
| 6:41 | Fortress |
| 6:43 | Spirit Lodge |
| 6:58 | Steel Armor |
| 7:56 | Peon |
| 7:56 | Peon |
| 7:56 | Peon |
| 7:56 | Peon |
| 8:10 | Witch Doctor Adept Training |
| 8:12 | Troll Headhunter |
| 8:14 | Lesser Clarity Potion |
| 8:20 | Scroll of Town Portal |
| 8:33 | Troll Headhunter |
| 9:06 | Potion of Healing |
| 9:08 | Healing Salve |
| 9:09 | Berserker Upgrade |
| 9:14 | Witch Doctor Master Training |
| 9:17 | Peon |
| 9:17 | Peon |
| 9:45 | Scroll of Town Portal |
| 9:49 | Peon |
| 9:54 | Reinforced Defenses |
| 9:58 | Peon |
| 10:06 | Troll Witch Doctor |
| 10:22 | Peon |
| 10:31 | Troll Witch Doctor |
| 10:47 | Watch Tower |
| 10:59 | Barracks |
| 11:00 | Troll Berserker |
| 11:02 | Thorium Ranged Weapons |
| 11:03 | Orc Burrow |
| 11:29 | Endurance Aura |
| 11:38 | Watch Tower |
| 11:42 | Troll Witch Doctor |
| 11:52 | Demolisher |
| 12:50 | Demolisher |
| 12:53 | Watch Tower |
| 13:19 | Arcanite Ranged Weapons |
| 14:22 | Orc Burrow |
| 14:25 | Burning Oil |
| 14:27 | Demolisher |
| 16:02 | Thorium Armor |
| 16:04 | Demolisher |
| 16:35 | War Stomp |
| 16:52 | Troll Witch Doctor |
| 16:55 | Demolisher |
| 16:57 | Troll Berserker |
| 16:58 | Scroll of Town Portal |
| 16:59 | Healing Salve |
| 16:59 | Lesser Clarity Potion |
| 17:03 | Potion of Healing |
| 17:04 | Potion of Mana |
| 17:06 | Orb of Lightning |
| 17:08 | Healing Salve |
| 17:16 | Troll Witch Doctor |
| 17:43 | Arcanite Armor |
| 19:22 | Steel Melee Weapons |
| 19:25 | Troll Berserker |
| 19:26 | Troll Witch Doctor |
| 19:52 | Troll Berserker |
| 19:53 | Troll Witch Doctor |
| 20:55 | Troll Witch Doctor |
| 21:03 | Peon |
| 21:03 | Peon |
| 22:28 | Reincarnation |
| 22:47 | Troll Witch Doctor |
| 22:48 | Thorium Melee Weapons |
| 23:48 | Troll Witch Doctor |
| 23:56 | Troll Berserker |
| 24:45 | Troll Berserker |
| 24:47 | Shaman Adept Training |
| 27:53 | Scroll of Town Portal |
| 27:53 | Lesser Clarity Potion |
| 27:56 | Healing Salve |
| 27:58 | Pillage |
| 28:16 | Potion of Healing |
| 28:50 | Demolisher |
| Right click | 2648 |
| Select group | 764 |
| Select | 684 |
| Build/train/purchase | 143 |
| Misc. action | 102 |
| Use ability | 67 |
| Assign group | 57 |
| Resource trade | 4 |
| Item give/drop | 1 |
| Remove unit | 1 |


| Scroll of Regeneration | 2 | 200 |
| Lesser Clarity Potion | 2 | 140 |
| Orb of Fire | 2 | 650 |
| Potion of Healing | 2 | 300 |
| Scroll of Town Portal | 1 | 350 |
| total: | 9 | 1640g |
| Peasant | 25 | 1875 | / | 0 |
| Footman | 11 | 1485 | / | 0 |
| Gryphon Rider | 8 | 2240 | / | 560 |
| Knight | 5 | 1225 | / | 300 |
| Dragonhawk Rider | 8 | 1600 | / | 240 |
| Mortar Team | 2 | 360 | / | 140 |
| total: | 59 | 8785g | / | 1240w |
| Scout Tower | 3 | 90 | / | 60 |
| Guard Tower | 2 | 140 | / | 100 |
| Altar of Kings | 1 | 180 | / | 50 |
| Farm | 13 | 1040 | / | 260 |
| Barracks | 1 | 160 | / | 60 |
| Arcane Vault | 1 | 130 | / | 30 |
| Lumber Mill | 1 | 120 | / | 0 |
| Town Hall | 1 | 385 | / | 205 |
| Blacksmith | 1 | 140 | / | 60 |
| Gryphon Aviary | 3 | 420 | / | 450 |
| Workshop | 1 | 140 | / | 140 |
| Keep | 1 | 320 | / | 210 |
| Castle | 1 | 360 | / | 210 |
| total: | 26 | 2805g | / | 1315w |
| 0:05 | Peasant |
| 0:05 | Peasant |
| 0:05 | Peasant |
| 0:22 | Altar of Kings |
| 0:25 | Peasant |
| 0:37 | Farm |
| 0:39 | Farm |
| 0:42 | Peasant |
| 0:53 | Barracks |
| 0:56 | Peasant |
| 1:10 | Peasant |
| 1:54 | Footman |
| 2:02 | Footman |
| 2:06 | Farm |
| 2:41 | Storm Bolt |
| 2:43 | Footman |
| 3:04 | Arcane Vault |
| 3:07 | Peasant |
| 3:07 | Peasant |
| 3:11 | Lumber Mill |
| 3:18 | Footman |
| 3:29 | Peasant |
| 3:58 | Footman |
| 4:00 | Footman |
| 4:02 | Keep |
| 4:15 | Scroll of Regeneration |
| 4:17 | Lesser Clarity Potion |
| 4:36 | Defend |
| 4:40 | Farm |
| 4:41 | Farm |
| 5:08 | Bash |
| 5:18 | Farm |
| 5:33 | Town Hall |
| 5:35 | Scout Tower |
| 5:36 | Scout Tower |
| 5:38 | Scout Tower |
| 5:58 | Footman |
| 6:02 | Scroll of Regeneration |
| 6:10 | Footman |
| 6:34 | Guard Tower |
| 6:36 | Guard Tower |
| 6:47 | Storm Bolt |
| 7:14 | Improved Lumber Harvesting |
| 7:38 | Peasant |
| 7:38 | Peasant |
| 7:38 | Peasant |
| 7:40 | Castle |
| 7:46 | Peasant |
| 7:46 | Peasant |
| 7:46 | Peasant |
| 7:47 | Peasant |
| 7:47 | Peasant |
| 8:11 | Blacksmith |
| 8:42 | Holy Light |
| 8:46 | Gryphon Aviary |
| 9:12 | Footman |
| 9:13 | Footman |
| 9:14 | Footman |
| 9:24 | Gryphon Aviary |
| 9:34 | Gryphon Aviary |
| 9:38 | Peasant |
| 9:38 | Peasant |
| 9:38 | Peasant |
| 9:38 | Peasant |
| 9:43 | Peasant |
| 9:46 | Farm |
| 9:47 | Farm |
| 9:47 | Farm |
| 10:21 | Gryphon Rider |
| 10:25 | Knight |
| 10:28 | Iron Forged Swords |
| 10:52 | Gryphon Rider |
| 11:00 | Peasant |
| 11:00 | Peasant |
| 11:08 | Knight |
| 11:17 | Animal War Training |
| 11:20 | Farm |
| 11:46 | Gryphon Rider |
| 11:51 | Sundering Blades |
| 12:03 | Devotion Aura |
| 12:17 | Bash |
| 12:53 | Gryphon Rider |
| 12:58 | Farm |
| 13:01 | Steel Forged Swords |
| 13:50 | Storm Hammers |
| 13:53 | Studded Leather Armor |
| 13:54 | Dragonhawk Rider |
| 13:54 | Dragonhawk Rider |
| 13:55 | Cloud |
| 14:31 | Dragonhawk Rider |
| 14:36 | Farm |
| 14:39 | Farm |
| 15:40 | Dragonhawk Rider |
| 16:21 | Dragonhawk Rider |
| 16:54 | Dragonhawk Rider |
| 17:50 | Holy Light |
| 18:46 | Dragonhawk Rider |
| 18:47 | Knight |
| 19:01 | Scroll of Town Portal |
| 19:05 | Orb of Fire |
| 19:05 | Orb of Fire |
| 19:06 | Potion of Healing |
| 19:51 | Gryphon Rider |
| 20:35 | Gryphon Rider |
| 21:32 | Knight |
| 21:33 | Gryphon Rider |
| 21:57 | Workshop |
| 23:20 | Dragonhawk Rider |
| 24:08 | Gryphon Rider |
| 24:17 | Knight |
| 25:00 | Mortar Team |
| 25:04 | Mortar Team |
| 25:13 | Lesser Clarity Potion |
| 25:15 | Potion of Healing |
| 26:55 | Storm Bolt |
| Right click | 646 |
| Select group | 514 |
| Select | 228 |
| Chat | 124 |
| Build/train/purchase | 118 |
| Use ability | 32 |
| Assign group | 25 |
| Misc. action | 24 |
| Remove unit | 7 |
| Minimap ping | 1 |


| Healing Salve | 1 | 100 |
| total: | 1 | 100g |
| Peon | 14 | 1050 | / | 0 |
| Grunt | 6 | 1200 | / | 0 |
| Demolisher | 6 | 1320 | / | 300 |
| Tauren | 6 | 1680 | / | 480 |
| Shaman | 4 | 520 | / | 80 |
| Troll Witch Doctor | 1 | 145 | / | 25 |
| Troll Batrider | 3 | 480 | / | 120 |
| total: | 40 | 6395g | / | 1005w |
| Watch Tower | 4 | 440 | / | 320 |
| Altar of Storms | 1 | 180 | / | 50 |
| Orc Burrow | 9 | 1440 | / | 360 |
| Barracks | 1 | 180 | / | 50 |
| War Mill | 2 | 410 | / | 0 |
| Voodoo Lounge | 1 | 130 | / | 30 |
| Tauren Totem | 2 | 270 | / | 310 |
| Spirit Lodge | 2 | 300 | / | 300 |
| Beastiary | 2 | 290 | / | 280 |
| Stronghold | 1 | 315 | / | 190 |
| Fortress | 1 | 325 | / | 190 |
| total: | 24 | 3640g | / | 1700w |
| 0:09 | Altar of Storms |
| 0:12 | Orc Burrow |
| 0:15 | Peon |
| 0:16 | Peon |
| 0:45 | Peon |
| 0:50 | Orc Burrow |
| 0:55 | Peon |
| 1:32 | Peon |
| 1:32 | Peon |
| 1:33 | Peon |
| 1:47 | Barracks |
| 1:58 | Peon |
| 2:17 | War Mill |
| 2:58 | Grunt |
| 3:12 | Serpent Ward |
| 3:22 | Peon |
| 3:23 | Peon |
| 3:44 | Peon |
| 3:49 | Grunt |
| 4:11 | Grunt |
| 4:32 | Orc Burrow |
| 4:51 | Grunt |
| 5:27 | Voodoo Lounge |
| 5:30 | Stronghold |
| 5:57 | Orc Burrow |
| 6:01 | Steel Melee Weapons |
| 6:23 | Healing Wave |
| 6:46 | Orc Burrow |
| 6:49 | Grunt |
| 6:50 | Grunt |
| 6:59 | Healing Salve |
| 8:13 | Berserker Strength |
| 8:15 | Fortress |
| 9:02 | Healing Wave |
| 9:22 | Summon Quilbeast |
| 9:34 | Watch Tower |
| 9:38 | Steel Armor |
| 9:38 | Thorium Melee Weapons |
| 11:14 | Watch Tower |
| 11:16 | Orc Burrow |
| 11:17 | Orc Burrow |
| 11:26 | Orc Burrow |
| 11:26 | Orc Burrow |
| 11:34 | Tauren Totem |
| 11:35 | Tauren Totem |
| 12:00 | Spirit Lodge |
| 12:01 | Spirit Lodge |
| 12:04 | Pillage |
| 12:06 | Thorium Armor |
| 12:11 | Peon |
| 12:11 | Peon |
| 12:12 | Peon |
| 12:53 | Demolisher |
| 12:54 | Demolisher |
| 13:00 | Tauren |
| 13:39 | Watch Tower |
| 13:39 | Watch Tower |
| 14:39 | Tauren |
| 14:39 | Tauren |
| 14:40 | Demolisher |
| 16:11 | Tauren |
| 16:11 | Tauren |
| 16:13 | Witch Doctor Adept Training |
| 16:20 | Shaman Adept Training |
| 17:24 | Arcanite Melee Weapons |
| 17:42 | Witch Doctor Master Training |
| 17:56 | Shaman Master Training |
| 18:44 | Pulverize |
| 18:53 | War Mill |
| 19:06 | Serpent Ward |
| 19:31 | Shaman |
| 19:32 | Shaman |
| 19:33 | Shaman |
| 19:34 | Shaman |
| 19:35 | Troll Witch Doctor |
| 20:31 | Tauren |
| 22:46 | Beastiary |
| 22:47 | Beastiary |
| 23:50 | Demolisher |
| 23:53 | Demolisher |
| 24:06 | Liquid Fire |
| 24:22 | Troll Regeneration |
| 24:38 | Demolisher |
| 24:39 | Steel Ranged Weapons |
| 24:42 | Troll Batrider |
| 24:42 | Troll Batrider |
| 24:42 | Troll Batrider |
| 26:08 | Summon Bear |
| 26:11 | Summon Bear |
| Right click | 1223 |
| Select | 292 |
| Select group | 86 |
| Build/train/purchase | 74 |
| Use ability | 28 |
| Assign group | 12 |
| Remove unit | 3 |
| Item give/drop | 1 |


| Dust of Appearance | 1 | 75 |
| Boots of Speed | 1 | 250 |
| Circlet of Nobility | 1 | 175 |
| total: | 3 | 500g |
| Wisp | 13 | 780 | / | 0 |
| Archer | 27 | 3510 | / | 270 |
| Hippogryph | 14 | 2240 | / | 280 |
| Druid of the Talon | 7 | 1015 | / | 140 |
| Chimaera | 2 | 660 | / | 140 |
| total: | 63 | 8205g | / | 830w |
| Ancient Protector | 2 | 270 | / | 160 |
| Moon Well | 9 | 1620 | / | 360 |
| Ancient of War | 1 | 150 | / | 60 |
| Altar of Elders | 1 | 180 | / | 50 |
| Hunter's Hall | 1 | 210 | / | 100 |
| Tree of Life | 1 | 340 | / | 185 |
| Ancient of Wind | 2 | 300 | / | 280 |
| Chimaera Roost | 2 | 280 | / | 380 |
| Tree of Ages | 1 | 320 | / | 180 |
| Tree of Eternity | 1 | 330 | / | 200 |
| total: | 19 | 3350g | / | 1575w |
| 0:04 | Wisp |
| 0:04 | Wisp |
| 0:11 | Moon Well |
| 0:14 | Wisp |
| 0:24 | Ancient of War |
| 0:31 | Wisp |
| 0:41 | Altar of Elders |
| 0:49 | Wisp |
| 1:06 | Wisp |
| 1:18 | Wisp |
| 1:25 | Archer |
| 1:39 | Moon Well |
| 1:56 | Archer |
| 2:11 | Archer |
| 2:46 | Archer |
| 2:54 | Trueshot Aura |
| 3:02 | Hunter's Hall |
| 3:28 | Archer |
| 3:31 | Wisp |
| 3:31 | Wisp |
| 3:39 | Moon Well |
| 3:47 | Archer |
| 4:06 | Ancient Protector |
| 4:50 | Tree of Ages |
| 4:54 | Archer |
| 4:54 | Archer |
| 4:58 | Ancient Protector |
| 5:08 | Strength of the Moon |
| 5:46 | Archer |
| 5:56 | Moon Well |
| 7:13 | Ancient of Wind |
| 7:15 | Wisp |
| 7:16 | Wisp |
| 7:16 | Wisp |
| 7:22 | Ancient of Wind |
| 7:27 | Strength of the Wild |
| 7:31 | Improved Strength of the Wild |
| 8:10 | Searing Arrows |
| 8:35 | Hippogryph |
| 8:37 | Hippogryph |
| 9:07 | Hippogryph |
| 9:09 | Hippogryph |
| 9:21 | Druid of the Talon |
| 9:22 | Druid of the Talon |
| 9:22 | Druid of the Talon |
| 9:22 | Druid of the Talon |
| 9:51 | Reinforced Hides |
| 9:55 | Druid of the Talon |
| 9:55 | Druid of the Talon |
| 9:56 | Druid of the Talon |
| 10:14 | Advanced Strength of the Wild |
| 10:40 | Moon Well |
| 10:44 | Wisp |
| 11:28 | Druid of the Talon Adept Training |
| 13:09 | Tree of Eternity |
| 13:30 | Improved Reinforced Hides |
| 14:19 | Trueshot Aura |
| 14:40 | Boots of Speed |
| 15:06 | Circlet of Nobility |
| 15:08 | Dust of Appearance |
| 15:32 | Chimaera Roost |
| 15:35 | Chimaera Roost |
| 15:39 | Archer |
| 15:40 | Marksmanship |
| 15:41 | Archer |
| 15:41 | Archer |
| 15:42 | Archer |
| 15:42 | Archer |
| 15:44 | Archer |
| 16:32 | Fan of Knives |
| 16:52 | Chimaera |
| 16:56 | Chimaera |
| 17:36 | Archer |
| 17:36 | Archer |
| 17:36 | Archer |
| 17:57 | Moon Well |
| 18:50 | Archer |
| 18:50 | Archer |
| 18:53 | Moon Well |
| 18:56 | Hippogryph |
| 19:51 | Hippogryph |
| 19:51 | Hippogryph |
| 19:53 | Hippogryph |
| 19:53 | Hippogryph |
| 20:15 | Improved Strength of the Moon |
| 21:08 | Improved Bows |
| 21:12 | Moon Armor |
| 21:23 | Moon Well |
| 22:57 | Archer |
| 22:58 | Archer |
| 22:58 | Archer |
| 22:58 | Archer |
| 22:58 | Archer |
| 23:00 | Hippogryph |
| 23:21 | Searing Arrows |
| 24:05 | Moon Well |
| 24:20 | Hippogryph |
| 24:22 | Hippogryph |
| 25:04 | Hippogryph |
| 25:06 | Hippogryph |
| 25:10 | Archer |
| 25:10 | Archer |
| 26:37 | Shadow Strike |
| 27:57 | Tree of Life |
| Right click | 750 |
| Select | 410 |
| Build/train/purchase | 103 |
| Misc. action | 94 |
| Use ability | 5 |
| Minimap ping | 4 |
| Esc | 1 |
105 units @ 11.4k
/ 1.2k
338 buildings @ 27.3k
/ 16.1k



| Staff of Sanctuary | 3 | 750 |
| Orb of Fire | 1 | 325 |
| Lesser Clarity Potion | 1 | 70 |
| Scroll of Town Portal | 1 | 350 |
| Staff of Teleportation | 3 | 450 |
| Boots of Speed | 4 | 1000 |
| Periapt of Vitality | 1 | 325 |
| Healing Salve | 2 | 200 |
| Orb of Lightning | 1 | 375 |
| total: | 17 | 3845g |
| Peasant | 23 | 1725 | / | 0 |
| Priest | 1 | 135 | / | 10 |
| Dragonhawk Rider | 8 | 1600 | / | 240 |
| Sorceress | 1 | 155 | / | 20 |
| total: | 33 | 3615g | / | 270w |
| Scout Tower | 167 | 5010 | / | 3340 |
| Arcane Tower | 3 | 210 | / | 150 |
| Guard Tower | 73 | 5110 | / | 3650 |
| Altar of Kings | 1 | 180 | / | 50 |
| Farm | 6 | 480 | / | 120 |
| Lumber Mill | 1 | 120 | / | 0 |
| Town Hall | 1 | 385 | / | 205 |
| Arcane Vault | 6 | 780 | / | 180 |
| Blacksmith | 1 | 140 | / | 60 |
| Barracks | 1 | 160 | / | 60 |
| Arcane Sanctum | 1 | 150 | / | 140 |
| Gryphon Aviary | 1 | 140 | / | 150 |
| Keep | 1 | 320 | / | 210 |
| Castle | 1 | 360 | / | 210 |
| total: | 186 | 7545g | / | 4305w |
| 0:01 | Peasant |
| 0:01 | Peasant |
| 0:06 | Altar of Kings |
| 0:14 | Peasant |
| 0:19 | Farm |
| 0:26 | Peasant |
| 0:42 | Farm |
| 0:44 | Scout Tower |
| 0:48 | Peasant |
| 0:55 | Peasant |
| 1:05 | Lumber Mill |
| 1:07 | Peasant |
| 1:20 | Peasant |
| 1:26 | Scout Tower |
| 1:36 | Arcane Tower |
| 1:48 | Peasant |
| 1:52 | Peasant |
| 1:56 | Scout Tower |
| 1:59 | Scout Tower |
| 2:04 | Blizzard |
| 2:11 | Peasant |
| 2:11 | Peasant |
| 2:18 | Guard Tower |
| 2:25 | Arcane Tower |
| 2:26 | Scout Tower |
| 2:38 | Guard Tower |
| 2:39 | Scout Tower |
| 2:40 | Scout Tower |
| 2:41 | Scout Tower |
| 2:41 | Scout Tower |
| 2:42 | Scout Tower |
| 2:56 | Healing Salve |
| 3:01 | Guard Tower |
| 3:02 | Scout Tower |
| 3:03 | Scout Tower |
| 3:03 | Scout Tower |
| 3:04 | Peasant |
| 3:04 | Peasant |
| 3:08 | Scout Tower |
| 3:15 | Guard Tower |
| 3:17 | Scout Tower |
| 3:17 | Scout Tower |
| 3:31 | Guard Tower |
| 3:35 | Guard Tower |
| 3:50 | Keep |
| 4:11 | Brilliance Aura |
| 4:12 | Guard Tower |
| 4:14 | Farm |
| 4:15 | Farm |
| 4:17 | Guard Tower |
| 4:18 | Guard Tower |
| 4:18 | Guard Tower |
| 4:22 | Scout Tower |
| 4:22 | Scout Tower |
| 4:22 | Scout Tower |
| 4:23 | Scout Tower |
| 4:29 | Guard Tower |
| 4:32 | Scout Tower |
| 4:45 | Staff of Teleportation |
| 4:57 | Boots of Speed |
| 5:21 | Guard Tower |
| 5:22 | Guard Tower |
| 5:23 | Guard Tower |
| 5:26 | Scout Tower |
| 6:09 | Guard Tower |
| 6:10 | Guard Tower |
| 6:11 | Scout Tower |
| 6:12 | Scout Tower |
| 6:27 | Guard Tower |
| 6:29 | Scout Tower |
| 6:30 | Scout Tower |
| 6:30 | Scout Tower |
| 6:30 | Scout Tower |
| 7:07 | Arcane Sanctum |
| 7:07 | Improved Masonry |
| 7:37 | Storm Bolt |
| 8:16 | Peasant |
| 8:16 | Peasant |
| 8:17 | Peasant |
| 8:17 | Peasant |
| 8:17 | Improved Lumber Harvesting |
| 8:18 | Advanced Masonry |
| 8:52 | Town Hall |
| 8:56 | Blizzard |
| 9:15 | Guard Tower |
| 9:26 | Staff of Teleportation |
| 9:28 | Boots of Speed |
| 9:45 | Scout Tower |
| 9:45 | Scout Tower |
| 9:46 | Scout Tower |
| 9:47 | Scout Tower |
| 9:48 | Scout Tower |
| 9:48 | Scout Tower |
| 9:48 | Scout Tower |
| 9:49 | Scout Tower |
| 9:49 | Scout Tower |
| 9:50 | Scout Tower |
| 9:50 | Scout Tower |
| 9:50 | Scout Tower |
| 9:51 | Scout Tower |
| 9:51 | Scout Tower |
| 9:52 | Scout Tower |
| 9:56 | Healing Salve |
| 10:13 | Guard Tower |
| 10:14 | Castle |
| 10:25 | Periapt of Vitality |
| 10:36 | Guard Tower |
| 10:39 | Guard Tower |
| 10:51 | Guard Tower |
| 11:03 | Farm |
| 11:03 | Magic Sentry |
| 11:03 | Priest |
| 11:05 | Farm |
| 11:26 | Guard Tower |
| 11:27 | Guard Tower |
| 12:17 | Guard Tower |
| 12:20 | Scout Tower |
| 12:21 | Scout Tower |
| 12:21 | Scout Tower |
| 12:21 | Scout Tower |
| 12:22 | Scout Tower |
| 12:30 | Scout Tower |
| 12:30 | Guard Tower |
| 12:40 | Guard Tower |
| 12:42 | Imbued Masonry |
| 12:58 | Peasant |
| 13:00 | Guard Tower |
| 13:27 | Arcane Vault |
| 13:28 | Arcane Vault |
| 13:30 | Arcane Vault |
| 13:51 | Arcane Vault |
| 13:52 | Arcane Vault |
| 13:53 | Guard Tower |
| 13:55 | Peasant |
| 13:55 | Peasant |
| 14:02 | Arcane Vault |
| 14:04 | Scout Tower |
| 14:05 | Scout Tower |
| 14:06 | Scout Tower |
| 14:13 | Bash |
| 14:18 | Guard Tower |
| 14:21 | Holy Light |
| 14:25 | Peasant |
| 14:26 | Peasant |
| 14:58 | Guard Tower |
| 14:58 | Guard Tower |
| 15:01 | Guard Tower |
| 15:02 | Scout Tower |
| 15:09 | Staff of Sanctuary |
| 15:10 | Orb of Fire |
| 15:17 | Guard Tower |
| 15:18 | Scout Tower |
| 15:18 | Scout Tower |
| 15:19 | Scout Tower |
| 15:19 | Scout Tower |
| 15:19 | Scout Tower |
| 15:19 | Scout Tower |
| 15:34 | Guard Tower |
| 15:51 | Scout Tower |
| 15:56 | Lesser Clarity Potion |
| 16:03 | Gryphon Aviary |
| 16:05 | Blacksmith |
| 16:07 | Guard Tower |
| 16:23 | Staff of Sanctuary |
| 16:32 | Guard Tower |
| 16:42 | Guard Tower |
| 16:43 | Scout Tower |
| 16:43 | Scout Tower |
| 16:53 | Scout Tower |
| 16:54 | Scout Tower |
| 16:56 | Scout Tower |
| 16:56 | Scout Tower |
| 16:57 | Scout Tower |
| 16:57 | Scout Tower |
| 17:01 | Scout Tower |
| 17:01 | Scout Tower |
| 17:02 | Scout Tower |
| 17:02 | Scout Tower |
| 17:16 | Scout Tower |
| 17:17 | Scout Tower |
| 17:17 | Scout Tower |
| 17:17 | Scout Tower |
| 17:18 | Scout Tower |
| 17:18 | Scout Tower |
| 17:29 | Guard Tower |
| 17:41 | Guard Tower |
| 17:42 | Guard Tower |
| 17:44 | Arcane Tower |
| 17:46 | Scout Tower |
| 17:46 | Scout Tower |
| 17:47 | Scout Tower |
| 17:48 | Scout Tower |
| 17:48 | Scout Tower |
| 17:50 | Dragonhawk Rider |
| 17:50 | Iron Forged Swords |
| 17:51 | Studded Leather Armor |
| 17:55 | Barracks |
| 17:56 | Priest Adept Training |
| 17:57 | Sorceress |
| 17:58 | Sorceress Adept Training |
| 18:00 | Guard Tower |
| 18:02 | Guard Tower |
| 18:02 | Guard Tower |
| 18:03 | Guard Tower |
| 18:14 | Scout Tower |
| 18:15 | Scout Tower |
| 18:16 | Scout Tower |
| 18:16 | Scout Tower |
| 18:17 | Scout Tower |
| 18:17 | Scout Tower |
| 18:26 | Guard Tower |
| 18:27 | Dragonhawk Rider |
| 18:28 | Dragonhawk Rider |
| 18:47 | Scout Tower |
| 18:48 | Scout Tower |
| 18:48 | Scout Tower |
| 18:48 | Scout Tower |
| 18:58 | Staff of Sanctuary |
| 19:03 | Dragonhawk Rider |
| 19:05 | Animal War Training |
| 19:11 | Steel Forged Swords |
| 19:14 | Guard Tower |
| 19:17 | Guard Tower |
| 19:32 | Guard Tower |
| 19:33 | Guard Tower |
| 19:34 | Guard Tower |
| 19:37 | Scout Tower |
| 19:38 | Scout Tower |
| 19:39 | Scout Tower |
| 19:39 | Scout Tower |
| 19:51 | Guard Tower |
| 19:53 | Scout Tower |
| 20:23 | Scout Tower |
| 20:23 | Scout Tower |
| 20:24 | Scout Tower |
| 20:37 | Guard Tower |
| 20:39 | Scout Tower |
| 20:40 | Scout Tower |
| 20:40 | Scout Tower |
| 20:41 | Scout Tower |
| 20:44 | Guard Tower |
| 20:56 | Scout Tower |
| 20:56 | Scout Tower |
| 20:57 | Scout Tower |
| 20:57 | Scout Tower |
| 20:57 | Scout Tower |
| 20:58 | Scout Tower |
| 21:01 | Boots of Speed |
| 21:36 | Boots of Speed |
| 21:36 | Staff of Teleportation |
| 22:31 | Scout Tower |
| 22:32 | Scout Tower |
| 22:42 | Guard Tower |
| 22:47 | Scout Tower |
| 22:48 | Scout Tower |
| 22:48 | Scout Tower |
| 22:49 | Scout Tower |
| 23:10 | Dragonhawk Rider |
| 23:10 | Dragonhawk Rider |
| 23:11 | Guard Tower |
| 23:47 | Scroll of Town Portal |
| 23:49 | Orb of Lightning |
| 23:54 | Guard Tower |
| 23:56 | Scout Tower |
| 23:56 | Scout Tower |
| 23:57 | Scout Tower |
| 23:57 | Scout Tower |
| 23:58 | Scout Tower |
| 24:02 | Divine Shield |
| 24:08 | Scout Tower |
| 24:09 | Scout Tower |
| 24:09 | Scout Tower |
| 24:10 | Scout Tower |
| 24:50 | Scout Tower |
| 24:51 | Scout Tower |
| 24:51 | Scout Tower |
| 24:52 | Scout Tower |
| 25:11 | Dragonhawk Rider |
| 25:16 | Dragonhawk Rider |
| 25:18 | Mithril Forged Swords |
| 25:18 | Reinforced Leather Armor |
| 25:20 | Guard Tower |
| 25:26 | Scout Tower |
| 25:27 | Scout Tower |
| 25:28 | Scout Tower |
| 25:28 | Scout Tower |
| 25:28 | Scout Tower |
| 25:29 | Scout Tower |
| 25:29 | Scout Tower |
| 25:51 | Scout Tower |
| 25:51 | Scout Tower |
| 25:52 | Scout Tower |
| 25:52 | Scout Tower |
| 25:53 | Scout Tower |
| 25:53 | Scout Tower |
| 25:54 | Scout Tower |
| 25:54 | Scout Tower |
| 26:10 | Guard Tower |
| 27:00 | Guard Tower |
| 27:07 | Storm Bolt |
| 27:36 | Guard Tower |
| 27:37 | Brilliance Aura |
| 27:48 | Guard Tower |
| 27:51 | Guard Tower |
| 27:53 | Scout Tower |
| 27:53 | Scout Tower |
| 27:53 | Scout Tower |
| 27:54 | Scout Tower |
| 27:54 | Scout Tower |
| 27:54 | Scout Tower |
| 27:55 | Scout Tower |
| 27:55 | Scout Tower |
| 28:02 | Guard Tower |
| 28:03 | Scout Tower |
| 28:03 | Scout Tower |
| 28:04 | Scout Tower |
| 28:04 | Scout Tower |
| 28:05 | Scout Tower |
| 28:05 | Scout Tower |
| 28:31 | Guard Tower |
| 28:34 | Scout Tower |
| 28:34 | Scout Tower |
| 28:35 | Scout Tower |
| 28:35 | Scout Tower |
| 28:36 | Scout Tower |
| 28:36 | Scout Tower |
| 28:37 | Scout Tower |
| 28:37 | Scout Tower |
| Right click | 2313 |
| Select | 817 |
| Select group | 337 |
| Build/train/purchase | 247 |
| Use ability | 116 |
| Misc. action | 25 |
| Assign group | 18 |
| Chat | 17 |
| Minimap ping | 7 |
| Item give/drop | 5 |
| Remove unit | 1 |


| Healing Salve | 2 | 200 |
| Orb of Lightning | 1 | 375 |
| Boots of Speed | 2 | 500 |
| Staff of Teleportation | 2 | 300 |
| Staff of Sanctuary | 2 | 500 |
| total: | 9 | 1875g |
| Peon | 23 | 1725 | / | 0 |
| Troll Batrider | 14 | 2240 | / | 560 |
| total: | 37 | 3965g | / | 560w |
| Watch Tower | 110 | 12100 | / | 8800 |
| Altar of Storms | 1 | 180 | / | 50 |
| Orc Burrow | 3 | 480 | / | 120 |
| War Mill | 1 | 205 | / | 0 |
| Voodoo Lounge | 4 | 520 | / | 120 |
| Great Hall | 3 | 1155 | / | 555 |
| Beastiary | 3 | 435 | / | 420 |
| Stronghold | 1 | 315 | / | 190 |
| Fortress | 1 | 325 | / | 190 |
| total: | 125 | 15075g | / | 10065w |
| 0:03 | Peon |
| 0:03 | Peon |
| 0:07 | Altar of Storms |
| 0:19 | Orc Burrow |
| 0:24 | War Mill |
| 0:34 | Peon |
| 0:48 | Peon |
| 0:55 | Peon |
| 1:08 | Voodoo Lounge |
| 1:18 | Peon |
| 1:28 | Peon |
| 1:38 | Watch Tower |
| 1:43 | Peon |
| 1:50 | Peon |
| 2:02 | Watch Tower |
| 2:04 | Orc Burrow |
| 2:07 | Watch Tower |
| 2:10 | Wind Walk |
| 2:14 | Healing Salve |
| 2:27 | Peon |
| 2:30 | Watch Tower |
| 2:46 | Watch Tower |
| 2:56 | Peon |
| 2:57 | Peon |
| 3:11 | Watch Tower |
| 3:12 | Watch Tower |
| 3:37 | Watch Tower |
| 3:40 | Peon |
| 3:50 | Watch Tower |
| 4:08 | Stronghold |
| 4:19 | Watch Tower |
| 4:33 | Watch Tower |
| 4:54 | Watch Tower |
| 5:25 | Voodoo Lounge |
| 5:36 | Watch Tower |
| 5:57 | Watch Tower |
| 6:05 | Watch Tower |
| 6:09 | Boots of Speed |
| 6:10 | Staff of Teleportation |
| 6:17 | Watch Tower |
| 6:28 | Watch Tower |
| 7:06 | Watch Tower |
| 7:14 | Critical Strike |
| 7:19 | Watch Tower |
| 7:21 | Watch Tower |
| 7:33 | Watch Tower |
| 8:08 | Watch Tower |
| 8:24 | Great Hall |
| 8:30 | Watch Tower |
| 8:36 | Hex |
| 8:39 | Watch Tower |
| 8:54 | Watch Tower |
| 9:04 | Reinforced Defenses |
| 9:04 | Spiked Barricades |
| 9:18 | Watch Tower |
| 9:24 | Watch Tower |
| 9:33 | Watch Tower |
| 9:46 | Watch Tower |
| 9:57 | Watch Tower |
| 10:25 | Watch Tower |
| 10:37 | Watch Tower |
| 10:50 | Watch Tower |
| 11:03 | Watch Tower |
| 11:08 | Watch Tower |
| 11:13 | Peon |
| 11:13 | Peon |
| 11:13 | Peon |
| 11:13 | Peon |
| 11:14 | Peon |
| 11:35 | Watch Tower |
| 11:40 | Orc Burrow |
| 11:44 | Watch Tower |
| 11:51 | Watch Tower |
| 11:52 | Watch Tower |
| 12:07 | Watch Tower |
| 12:43 | Beastiary |
| 12:45 | Beastiary |
| 12:46 | Beastiary |
| 12:47 | Peon |
| 12:54 | Watch Tower |
| 12:55 | Watch Tower |
| 13:06 | Watch Tower |
| 13:10 | Watch Tower |
| 13:17 | Watch Tower |
| 13:45 | Watch Tower |
| 13:49 | Watch Tower |
| 13:51 | Watch Tower |
| 13:53 | Fortress |
| 13:55 | Troll Batrider |
| 14:00 | Watch Tower |
| 14:09 | Watch Tower |
| 14:12 | Watch Tower |
| 14:14 | Watch Tower |
| 14:16 | Watch Tower |
| 14:20 | Watch Tower |
| 14:26 | Watch Tower |
| 14:29 | Troll Batrider |
| 15:07 | Watch Tower |
| 15:09 | Watch Tower |
| 15:27 | Healing Wave |
| 15:31 | Troll Batrider |
| 15:42 | Watch Tower |
| 15:43 | Watch Tower |
| 15:56 | Healing Salve |
| 16:05 | Troll Batrider |
| 16:20 | Orb of Lightning |
| 16:38 | Troll Batrider |
| 17:28 | Watch Tower |
| 17:30 | Watch Tower |
| 17:42 | Watch Tower |
| 17:44 | Watch Tower |
| 18:21 | Troll Batrider |
| 18:44 | Watch Tower |
| 18:46 | Watch Tower |
| 18:56 | Watch Tower |
| 18:58 | Watch Tower |
| 19:41 | Troll Batrider |
| 19:46 | Great Hall |
| 19:48 | Watch Tower |
| 19:49 | Watch Tower |
| 19:52 | Great Hall |
| 19:56 | Boots of Speed |
| 19:56 | Staff of Teleportation |
| 20:01 | Watch Tower |
| 20:02 | Watch Tower |
| 20:04 | Watch Tower |
| 20:07 | Watch Tower |
| 20:27 | Troll Batrider |
| 20:32 | Improved Spiked Barricades |
| 20:32 | Steel Ranged Weapons |
| 20:51 | Voodoo Lounge |
| 20:53 | Voodoo Lounge |
| 20:57 | Watch Tower |
| 21:08 | Watch Tower |
| 21:43 | Watch Tower |
| 21:46 | Watch Tower |
| 21:47 | Watch Tower |
| 21:48 | Watch Tower |
| 22:03 | Watch Tower |
| 22:21 | Troll Batrider |
| 22:23 | Troll Batrider |
| 22:24 | Watch Tower |
| 22:26 | Peon |
| 22:26 | Peon |
| 22:26 | Peon |
| 22:26 | Peon |
| 22:47 | Wind Walk |
| 23:00 | Watch Tower |
| 23:30 | Watch Tower |
| 23:31 | Watch Tower |
| 23:33 | Watch Tower |
| 23:34 | Watch Tower |
| 24:01 | Troll Batrider |
| 24:13 | Watch Tower |
| 24:26 | Staff of Sanctuary |
| 24:37 | Healing Wave |
| 24:40 | Watch Tower |
| 24:41 | Watch Tower |
| 24:45 | Watch Tower |
| 24:48 | Watch Tower |
| 25:01 | Staff of Sanctuary |
| 25:06 | Watch Tower |
| 25:09 | Watch Tower |
| 25:19 | Troll Batrider |
| 25:24 | Watch Tower |
| 25:45 | Watch Tower |
| 25:51 | Watch Tower |
| 25:52 | Watch Tower |
| 25:57 | Watch Tower |
| 25:58 | Watch Tower |
| 26:08 | Steel Armor |
| 26:08 | Thorium Ranged Weapons |
| 26:16 | Watch Tower |
| 26:18 | Watch Tower |
| 26:42 | Watch Tower |
| 27:08 | Troll Batrider |
| 27:09 | Troll Batrider |
| 27:22 | Watch Tower |
| 27:24 | Watch Tower |
| 27:54 | Watch Tower |
| 27:55 | Watch Tower |
| 27:57 | Watch Tower |
| 28:21 | Watch Tower |
| 28:24 | Watch Tower |
| 28:39 | Watch Tower |
| Right click | 2228 |
| Select | 587 |
| Select group | 379 |
| Use ability | 99 |
| Build/train/purchase | 96 |
| Misc. action | 90 |
| Assign group | 12 |
| Chat | 5 |
| Esc | 4 |
| Minimap ping | 3 |
| Item give/drop | 2 |
| Remove unit | 1 |



| Orb of Venom | 1 | 325 |
| Staff of Teleportation | 3 | 450 |
| Boots of Speed | 3 | 750 |
| Circlet of Nobility | 2 | 350 |
| Periapt of Vitality | 1 | 325 |
| Staff of Sanctuary | 3 | 750 |
| Medallion of Courage | 1 | 500 |
| Sobi Mask | 2 | 800 |
| Helm of Valor | 2 | 1000 |
| Robe of the Magi +6 | 2 | 800 |
| Belt of Giant Strength +6 | 1 | 400 |
| total: | 21 | 6450g |
| Wisp | 21 | 1260 | / | 0 |
| Chimaera | 2 | 660 | / | 140 |
| total: | 23 | 1920g | / | 140w |
| Altar of Elders | 1 | 180 | / | 50 |
| Moon Well | 11 | 1980 | / | 440 |
| Tree of Life | 1 | 340 | / | 185 |
| Hunter's Hall | 1 | 210 | / | 100 |
| Ancient of Wonders | 1 | 90 | / | 30 |
| Ancient of Wind | 2 | 300 | / | 280 |
| Chimaera Roost | 1 | 140 | / | 190 |
| Tree of Ages | 1 | 320 | / | 180 |
| Tree of Eternity | 1 | 330 | / | 200 |
| total: | 18 | 3240g | / | 1275w |
| 0:03 | Wisp |
| 0:03 | Wisp |
| 0:04 | Altar of Elders |
| 0:11 | Moon Well |
| 0:24 | Wisp |
| 0:42 | Wisp |
| 0:50 | Moon Well |
| 0:55 | Wisp |
| 1:15 | Wisp |
| 1:15 | Wisp |
| 1:32 | Wisp |
| 1:33 | Wisp |
| 1:42 | Wisp |
| 2:03 | Entangling Roots |
| 2:07 | Wisp |
| 2:07 | Wisp |
| 2:23 | Wisp |
| 3:00 | Wisp |
| 3:00 | Wisp |
| 3:35 | Wisp |
| 3:38 | Tree of Ages |
| 3:43 | Moon Well |
| 3:59 | Staff of Teleportation |
| 3:59 | Boots of Speed |
| 4:00 | Circlet of Nobility |
| 4:58 | Tree of Life |
| 5:19 | Thorns Aura |
| 5:28 | Hunter's Hall |
| 5:33 | Moon Well |
| 5:59 | Tree of Eternity |
| 6:21 | Frost Arrows |
| 6:44 | Ancient of Wind |
| 7:12 | Moon Well |
| 7:14 | Ultravision |
| 7:14 | Strength of the Wild |
| 8:23 | Chimaera Roost |
| 8:26 | Well Spring |
| 9:18 | Ancient of Wonders |
| 9:26 | Trueshot Aura |
| 9:34 | Wisp |
| 9:34 | Wisp |
| 9:35 | Wisp |
| 9:35 | Wisp |
| 9:36 | Wisp |
| 9:49 | Chimaera |
| 9:59 | Staff of Teleportation |
| 9:59 | Boots of Speed |
| 10:27 | Improved Strength of the Wild |
| 10:30 | Chimaera |
| 11:12 | Entangling Roots |
| 11:42 | Mana Shield |
| 12:56 | Advanced Strength of the Wild |
| 13:14 | Searing Arrows |
| 14:00 | Moon Well |
| 14:05 | Orb of Venom |
| 14:26 | Reinforced Hides |
| 14:42 | Staff of Teleportation |
| 14:42 | Boots of Speed |
| 14:42 | Circlet of Nobility |
| 14:42 | Periapt of Vitality |
| 15:16 | Frost Arrows |
| 15:35 | Thorns Aura |
| 15:54 | Trueshot Aura |
| 15:59 | Moon Well |
| 16:02 | Moon Well |
| 16:11 | Staff of Sanctuary |
| 18:52 | Moon Well |
| 19:28 | Staff of Sanctuary |
| 20:31 | Medallion of Courage |
| 20:33 | Sobi Mask |
| 20:52 | Mana Shield |
| 21:20 | Helm of Valor |
| 21:53 | Staff of Sanctuary |
| 22:18 | Searing Arrows |
| 22:39 | Entangling Roots |
| 22:57 | Moon Well |
| 22:58 | Moon Well |
| 25:01 | Robe of the Magi +6 |
| 25:04 | Belt of Giant Strength +6 |
| 25:07 | Sobi Mask |
| 25:13 | Frost Arrows |
| 25:21 | Nature's Blessing |
| 25:23 | Improved Reinforced Hides |
| 25:27 | Ancient of Wind |
| 28:21 | Helm of Valor |
| 28:24 | Robe of the Magi +6 |
| 28:31 | Trueshot Aura |
| Right click | 2233 |
| Select group | 1880 |
| Select | 237 |
| Resource trade | 133 |
| Build/train/purchase | 97 |
| Use ability | 83 |
| Misc. action | 76 |
| Minimap ping | 39 |
| Chat | 31 |
| Item give/drop | 20 |
| Assign group | 9 |
| Esc | 1 |



| Rod of Necromancy | 2 | 300 |
| Sacrificial Skull | 2 | 100 |
| Orb of Corruption | 2 | 750 |
| Boots of Speed | 3 | 750 |
| Staff of Teleportation | 3 | 450 |
| Circlet of Nobility | 1 | 175 |
| Staff of Sanctuary | 3 | 750 |
| Orb of Venom | 1 | 325 |
| total: | 17 | 3600g |
| Acolyte | 2 | 150 | / | 0 |
| Ghoul | 4 | 480 | / | 0 |
| Obsidian Statue | 5 | 1000 | / | 175 |
| Goblin Zeppelin | 1 | 240 | / | 60 |
| total: | 12 | 1870g | / | 235w |
| Nerubian Tower | 1 | 100 | / | 20 |
| Spirit Tower | 1 | 145 | / | 40 |
| Altar of Darkness | 1 | 180 | / | 50 |
| Ziggurat | 4 | 600 | / | 200 |
| Crypt | 1 | 200 | / | 50 |
| Tomb of Relics | 1 | 130 | / | 30 |
| Graveyard | 1 | 215 | / | 0 |
| Slaughterhouse | 1 | 140 | / | 135 |
| Halls of the Dead | 1 | 320 | / | 210 |
| Black Citadel | 1 | 325 | / | 230 |
| total: | 9 | 1465g | / | 465w |
| 0:02 | Acolyte |
| 0:06 | Altar of Darkness |
| 0:10 | Ziggurat |
| 0:11 | Ziggurat |
| 0:13 | Acolyte |
| 0:32 | Crypt |
| 0:47 | Tomb of Relics |
| 1:12 | Nerubian Tower |
| 1:35 | Ghoul |
| 1:57 | Ghoul |
| 2:05 | Ziggurat |
| 2:07 | Death Coil |
| 2:09 | Rod of Necromancy |
| 2:10 | Sacrificial Skull |
| 2:27 | Ghoul |
| 2:52 | Ghoul |
| 3:40 | Halls of the Dead |
| 3:59 | Boots of Speed |
| 4:04 | Staff of Teleportation |
| 5:20 | Graveyard |
| 6:04 | Black Citadel |
| 6:25 | Unholy Aura |
| 6:37 | Rod of Necromancy |
| 6:37 | Sacrificial Skull |
| 6:47 | Slaughterhouse |
| 7:19 | Frost Nova |
| 11:09 | Boots of Speed |
| 11:09 | Staff of Teleportation |
| 11:10 | Circlet of Nobility |
| 11:25 | Ziggurat |
| 11:44 | Ghoul Frenzy |
| 11:55 | Impale |
| 12:00 | Goblin Zeppelin |
| 12:53 | Obsidian Statue |
| 13:03 | Orb of Corruption |
| 13:41 | Obsidian Statue |
| 15:01 | Obsidian Statue |
| 17:00 | Death Coil |
| 17:59 | Frost Armor |
| 19:53 | Orb of Corruption |
| 21:03 | Staff of Sanctuary |
| 22:02 | Orb of Venom |
| 22:44 | Boots of Speed |
| 22:45 | Staff of Teleportation |
| 23:16 | Spiked Carapace |
| 24:15 | Frost Nova |
| 25:12 | Staff of Sanctuary |
| 26:36 | Spirit Tower |
| 27:06 | Unholy Aura |
| 27:20 | Obsidian Statue |
| 27:21 | Obsidian Statue |
| 28:59 | Staff of Sanctuary |
| Right click | 2229 |
| Select group | 945 |
| Assign group | 319 |
| Select | 274 |
| Resource trade | 135 |
| Use ability | 116 |
| Build/train/purchase | 109 |
| Chat | 73 |
| Misc. action | 19 |
| Item give/drop | 10 |
⇛